TOP OF THE 1ST |
Brookline HS Warriors batting - Pitching for Oklahoma City HS Magicians : RHP Bernard Kilkenny
|
Pitching: RHP Bernard Kilkenny
|
|
Batting: LHB Jonathan Martin
|
0-0: Foul Ball, location: 2F 0-1: Foul Ball, location: 2F 0-2: Foul Ball, location: 2F 0-2: Strikes out swinging, 2-3 out at first.
|
Batting: LHB Desmond Huth
|
0-0: Ball 1-0: Ball 2-0: Ground out 5-3 (Groundball, 56)
|
Batting: RHB Tim Smith
|
0-0: Ball 1-0: Swinging Strike 1-1: Ball 2-1: Fly out, F9 (Flyball, 9LM)
|
Top of the 1st over - 0 run(s), 0 hit(s), 0 error(s), 0 left on base; Brookline HS 0 - Oklahoma City HS 0 |
BOTTOM OF THE 1ST |
Oklahoma City HS Magicians batting - Pitching for Brookline HS Warriors : RHP Norm Sweetland
|
Pitching: RHP Norm Sweetland
|
|
Batting: RHB Artie Rivers
|
0-0: Foul Ball, location: 2F 0-1: Fly out, F9 (Flyball, 89M)
|
Batting: RHB Pat Simms
|
0-0: Ball 1-0: Ball 2-0: Called Strike 2-1: Swinging Strike 2-2: Foul Ball, location: 2F 2-2: Reached on Error, E7 (Flyball, 7M)
|
Batting: RHB Curt O'Brian
|
0-0: Ball 1-0: Ball 2-0: Ball 3-0: Called Strike 3-1: Foul Ball, location: 2F 3-2: Base on Balls Pat Simms to second
|
Batting: SHB Fernando Borges
|
0-0: Called Strike 0-1: Foul Ball, location: 2F 0-2: Ball 1-2: Ball 2-2: Fly out, F8 (Flyball, 8RS)
|
Batting: RHB Joe Salas
|
0-0: Foul Ball, location: 2F 0-1: Called Strike 0-2: Strikes out swinging
|
Bottom of the 1st over - 0 run(s), 0 hit(s), 1 error(s), 2 left on base; Brookline HS 0 - Oklahoma City HS 0 |
TOP OF THE 2ND |
Brookline HS Warriors batting - Pitching for Oklahoma City HS Magicians : RHP Bernard Kilkenny
|
Batting: SHB Luis Rodríguez
|
0-0: Ball 1-0: Ground out 4-3 (Groundball, 34)
|
Batting: RHB Francisco Durango
|
0-0: Fly out, F4 (Popup, 34)
|
Batting: RHB Ben Bond
|
0-0: Ground out 6-3 (Groundball, 6M)
|
Top of the 2nd over - 0 run(s), 0 hit(s), 0 error(s), 0 left on base; Brookline HS 0 - Oklahoma City HS 0 |
BOTTOM OF THE 2ND |
Oklahoma City HS Magicians batting - Pitching for Brookline HS Warriors : RHP Norm Sweetland
|
Batting: LHB Claudio Jaramillo
|
0-0: SINGLE (Groundball, 4MD)
|
Batting: LHB Fletcher White
|
0-0: Ball 1-0: Foul Ball, location: 2F 1-1: Foul Ball, location: 2F 1-2: Fly out, F8 (Flyball, 8LM)
|
Batting: SHB Lee Oliver
|
0-0: Ball 1-0: Foul Ball, location: 2F 1-1: Ball 2-1: Foul Ball, location: 2F 2-2: Ball 3-2: Fly out, F9 (Flyball, 8RS)
|
Batting: LHB Randy Pérez
|
0-0: Ball 1-0: Ball 2-0: SINGLE (Groundball, 34D) Claudio Jaramillo to second Runner from 2nd tries for 3rd, SAFE, throw made to third
|
Batting: RHB Artie Rivers
|
0-0: Ball 1-0: Ball 2-0: Called Strike 2-1: Ball 3-1: Base on Balls Randy Pérez to second
|
Batting: RHB Pat Simms
|
0-0: Ball 1-0: Ball 2-0: Ball 3-0: Base on Balls Claudio Jaramillo scores Randy Pérez to third Artie Rivers to second
|
Batting: RHB Curt O'Brian
|
0-0: Called Strike 0-1: Fly out, F8 (Flyball, 8LM)
|
Bottom of the 2nd over - 1 run(s), 2 hit(s), 0 error(s), 3 left on base; Brookline HS 0 - Oklahoma City HS 1 |
TOP OF THE 3RD |
Brookline HS Warriors batting - Pitching for Oklahoma City HS Magicians : RHP Bernard Kilkenny
|
Batting: SHB Will Allen
|
0-0: Ball 1-0: Swinging Strike 1-1: Ball 2-1: Foul Ball, location: 2F 2-2: Foul Ball, location: 2F 2-2: Foul Ball, location: 2F 2-2: Ball 3-2: Base on Balls
|
Batting: RHB Owen Jenkins
|
0-0: Ball 1-0: Called Strike 1-1: Fly out, F7 (Line Drive, 7S)
|
Batting: RHB Bob Bishop
|
0-0: Grounds into double play, 1-6-3 (Groundball, 15)
|
Top of the 3rd over - 0 run(s), 0 hit(s), 0 error(s), 0 left on base; Brookline HS 0 - Oklahoma City HS 1 |
BOTTOM OF THE 3RD |
Oklahoma City HS Magicians batting - Pitching for Brookline HS Warriors : RHP Norm Sweetland
|
Batting: SHB Fernando Borges
|
0-0: Ball 1-0: Foul Ball, location: 2F 1-1: Foul Ball, location: 2F 1-2: Strikes out swinging
|
Batting: RHB Joe Salas
|
0-0: Ball 1-0: Called Strike 1-1: Called Strike 1-2: Strikes out swinging
|
Batting: LHB Claudio Jaramillo
|
0-0: Fly out, F9 (Flyball, 9D)
|
Bottom of the 3rd over - 0 run(s), 0 hit(s), 0 error(s), 0 left on base; Brookline HS 0 - Oklahoma City HS 1 |
TOP OF THE 4TH |
Brookline HS Warriors batting - Pitching for Oklahoma City HS Magicians : RHP Bernard Kilkenny
|
Batting: LHB Jonathan Martin
|
0-0: Called Strike 0-1: Ball 1-1: Ball 2-1: Ball 3-1: Base on Balls
|
Batting: LHB Desmond Huth
|
0-0: Ball 1-0: Foul Ball, location: 2F 1-1: Foul Ball, location: 2F 1-2: Foul Ball, location: 2F 1-2: Ball 2-2: Ball 3-2: Foul Ball, location: 2F 3-2: TRIPLE (Line Drive, 8RS) Jonathan Martin scores
|
Batting: RHB Tim Smith
|
0-0: Swinging Strike 0-1: Ball Passed Ball! Desmond Huth scores 1-1: Ball 2-1: Called Strike 2-2: Ball 3-2: Base on Balls
|
Batting: SHB Luis Rodríguez
|
0-0: Called Strike 0-1: Ball 1-1: Foul Ball, location: 2F 1-2: Ball 2-2: Strikes out swinging
|
Batting: RHB Francisco Durango
|
0-0: Fielders Choice at 2nd, 5-4 (Groundball, 56)
|
Batting: RHB Ben Bond
|
0-0: Ball 1-0: Ball 2-0: Foul Ball, location: 2F 2-1: Ball 3-1: Base on Balls Francisco Durango to second
|
Batting: SHB Will Allen
|
0-0: Fly out, F7 (Flyball, 7M)
|
Top of the 4th over - 2 run(s), 1 hit(s), 0 error(s), 2 left on base; Brookline HS 2 - Oklahoma City HS 1 |
BOTTOM OF THE 4TH |
Oklahoma City HS Magicians batting - Pitching for Brookline HS Warriors : RHP Norm Sweetland
|
Batting: LHB Fletcher White
|
0-0: Foul Ball, location: 2F 0-1: Called Strike 0-2: Foul Ball, location: 2F 0-2: Ball 1-2: Foul Ball, location: 2F 1-2: Hit by Pitch
|
Batting: SHB Lee Oliver
|
0-0: Called Strike 0-1: Ball 1-1: Foul Ball, location: 2F 1-2: Ball 2-2: SINGLE (Popup, 8RS) Fletcher White to second
|
Batting: LHB Randy Pérez
|
0-0: Called Strike 0-1: Ball 1-1: Called Strike 1-2: Ball 2-2: Ball 3-2: SINGLE (Flyball, 89M) Fletcher White to third Lee Oliver to second Runner from 3rd tries for Home, SAFE, no throw or cutoff
|
Batting: RHB Artie Rivers
|
0-0: Called Strike 0-1: Ball 1-1: Ball 2-1: Ball 3-1: Foul Ball, location: 2F 3-2: Fly out, F2 (Popup, 2RF)
|
Batting: RHB Pat Simms
|
0-0: Ball 1-0: Ball 2-0: Ball 3-0: Base on Balls Lee Oliver to third Randy Pérez to second
|
Pitching: RHP Elliott Hinton
|
|
Batting: RHB Curt O'Brian
|
0-0: Ball 1-0: Called Strike 1-1: Called Strike 1-2: Foul Ball, location: 2F 1-2: Ball 2-2: Strikes out swinging
|
Batting: SHB Fernando Borges
|
0-0: Called Strike 0-1: Ground out 4-3 (Groundball, 4)
|
Bottom of the 4th over - 1 run(s), 2 hit(s), 0 error(s), 3 left on base; Brookline HS 2 - Oklahoma City HS 2 |
TOP OF THE 5TH |
Brookline HS Warriors batting - Pitching for Oklahoma City HS Magicians : RHP Bernard Kilkenny
|
Batting: RHB Owen Jenkins
|
0-0: Fly out, F3 (Popup, 23F)
|
Batting: RHB Bob Bishop
|
0-0: Swinging Strike 0-1: Called Strike 0-2: Ball 1-2: Strikes out swinging
|
Batting: LHB Jonathan Martin
|
0-0: Fly out, F7 (Line Drive, 78M)
|
Top of the 5th over - 0 run(s), 0 hit(s), 0 error(s), 0 left on base; Brookline HS 2 - Oklahoma City HS 2 |
BOTTOM OF THE 5TH |
Oklahoma City HS Magicians batting - Pitching for Brookline HS Warriors : RHP Elliott Hinton
|
Batting: RHB Joe Salas
|
0-0: SINGLE (Groundball, 5S)
|
Batting: LHB Claudio Jaramillo
|
0-0: Foul Ball, location: 2F 0-1: Called Strike 0-2: Ball 1-2: 2-RUN HOME RUN (Flyball, 9D), Distance : 358 ft
|
Batting: LHB Fletcher White
|
0-0: Foul Ball, location: 2F 0-1: Foul Ball, location: 2F 0-2: Foul Ball, location: 2F 0-2: Ball 1-2: Strikes out swinging
|
Batting: SHB Lee Oliver
|
0-0: Called Strike 0-1: Ball 1-1: Ball 2-1: Ball 3-1: Base on Balls
|
Batting: LHB Randy Pérez
|
0-0: Grounds into double play, 4-6-3 (Groundball, 4)
|
Bottom of the 5th over - 2 run(s), 2 hit(s), 0 error(s), 0 left on base; Brookline HS 2 - Oklahoma City HS 4 |
TOP OF THE 6TH |
Brookline HS Warriors batting - Pitching for Oklahoma City HS Magicians : RHP Bernard Kilkenny
|
Batting: LHB Desmond Huth
|
0-0: Ball 1-0: Ball 2-0: Bunt for hit - play at first, batter safe!
|
Batting: RHB Tim Smith
|
0-0: Ball 1-0: Swinging Strike 1-1: Ball 2-1: Ball 3-1: Swinging Strike 3-2: Foul Ball, location: 2F 3-2: Foul Ball, location: 2F 3-2: Base on Balls Desmond Huth to second
|
Batting: SHB Luis Rodríguez
|
0-0: Ball 1-0: Foul Ball, location: 2F 1-1: SINGLE (Groundball, 3D) Desmond Huth to third Tim Smith to second
|
Batting: RHB Francisco Durango
|
0-0: Called Strike 0-1: Fly out, F5 (Line Drive, 5)
|
Pitching: LHP Shawn Peters
|
|
Batting: RHB Ben Bond
|
0-0: Called Strike 0-1: Called Strike 0-2: Ball 1-2: SINGLE (Line Drive, 56) Desmond Huth scores Tim Smith to third Luis Rodríguez to second
|
Batting: SHB Will Allen
|
0-0: Grounds into double play, 6-4-3 (Groundball, 6M)
|
Top of the 6th over - 1 run(s), 3 hit(s), 0 error(s), 2 left on base; Brookline HS 3 - Oklahoma City HS 4 |
BOTTOM OF THE 6TH |
Oklahoma City HS Magicians batting - Pitching for Brookline HS Warriors : RHP Elliott Hinton
|
Batting: RHB Artie Rivers
|
0-0: Called Strike 0-1: Swinging Strike 0-2: Ball 1-2: Foul Ball, location: 2F 1-2: Ball 2-2: Strikes out looking
|
Batting: RHB Pat Simms
|
0-0: Foul Ball, location: 2F 0-1: Foul Ball, location: 2F 0-2: Foul Ball, location: 2F 0-2: Ball 1-2: Ball 2-2: Ball 3-2: Strikes out swinging
|
Batting: RHB Curt O'Brian
|
0-0: Ball 1-0: Ball 2-0: Foul Ball, location: 2F 2-1: Ball 3-1: Foul Ball, location: 2F 3-2: Strikes out swinging
|
Bottom of the 6th over - 0 run(s), 0 hit(s), 0 error(s), 0 left on base; Brookline HS 3 - Oklahoma City HS 4 |
TOP OF THE 7TH |
Brookline HS Warriors batting - Pitching for Oklahoma City HS Magicians : LHP Shawn Peters
|
Batting: RHB Owen Jenkins
|
0-0: Swinging Strike 0-1: Foul Ball, location: 2F 0-2: Strikes out swinging
|
Batting: RHB Bob Bishop
|
0-0: Ball 1-0: Foul Ball, location: 2F 1-1: Ball 2-1: DOUBLE (Line Drive, 8RM)
|
Batting: LHB Jonathan Martin
|
0-0: Ball 1-0: 2-RUN HOME RUN (Flyball, 89XD), Distance : 395 ft
|
Pitching: LHP Tony Féliz
|
|
Batting: LHB Desmond Huth
|
0-0: Called Strike 0-1: Ball 1-1: Foul Ball, location: 2F 1-2: DOUBLE (Groundball, 3L)
|
Batting: RHB Tim Smith
|
0-0: Intentional Walk
|
Batting: SHB Luis Rodríguez
|
0-0: Called Strike Desmond Huth steals 3rd base Tim Smith to second 0-1: SINGLE (Groundball, 4) Desmond Huth scores Tim Smith to third Runner from 3rd tries for Home, SAFE, throw made home Luis Rodríguez to second
|
Batting: RHB Francisco Durango
|
0-0: Ball 1-0: Ball 2-0: Hit by Pitch
|
Batting: RHB Ben Bond
|
0-0: Ball 1-0: Called Strike 1-1: Fly out, F7 (Flyball, 78M)
|
Batting: SHB Will Allen
|
0-0: Ball 1-0: Swinging Strike 1-1: Called Strike 1-2: Strikes out looking
|
Top of the 7th over - 4 run(s), 4 hit(s), 0 error(s), 2 left on base; Brookline HS 7 - Oklahoma City HS 4 |
BOTTOM OF THE 7TH |
Oklahoma City HS Magicians batting - Pitching for Brookline HS Warriors : RHP Elliott Hinton
|
Pitching: RHP Scott Robbins
|
|
Batting: SHB Fernando Borges
|
0-0: Ball 1-0: Ball 2-0: Ball 3-0: Called Strike 3-1: Called Strike 3-2: Base on Balls
|
Batting: RHB Joe Salas
|
0-0: Ball 1-0: Ball 2-0: DOUBLE (Groundball, 5L) Fernando Borges to third
|
Batting: LHB Claudio Jaramillo
|
0-0: Called Strike 0-1: Foul Ball, location: 2F 0-2: Ball 1-2: Fly out, F6 (Popup, 56)
|
Batting: LHB Fletcher White
|
0-0: Fly out, F5 (Popup, 5S)
|
Batting: SHB Lee Oliver
|
0-0: Ground out 4-3 (Groundball, 4)
|
Bottom of the 7th over - 0 run(s), 1 hit(s), 0 error(s), 2 left on base; Brookline HS 7 - Oklahoma City HS 4 |
TOP OF THE 8TH |
Brookline HS Warriors batting - Pitching for Oklahoma City HS Magicians : LHP Tony Féliz
|
Pitching: RHP Nathaniel Combs
|
|
Batting: RHB Owen Jenkins
|
0-0: Ground out 3-1 (Groundball, 4S)
|
Batting: RHB Bob Bishop
|
0-0: Ball 1-0: SINGLE (Flyball, 9S)
|
Batting: LHB Jonathan Martin
|
0-0: Ball 1-0: Fly out, F5 (Popup, 5SF)
|
Batting: LHB Desmond Huth
|
0-0: Foul Ball, location: 2F 0-1: Ball 1-1: Ball 2-1: Ball 3-1: Base on Balls Bob Bishop to second
|
Batting: RHB Tim Smith
|
0-0: Ball 1-0: Ball 2-0: Ball 3-0: Called Strike 3-1: Called Strike 3-2: Fly out, F8 (Flyball, 89XD)
|
Top of the 8th over - 0 run(s), 1 hit(s), 0 error(s), 2 left on base; Brookline HS 7 - Oklahoma City HS 4 |
BOTTOM OF THE 8TH |
Oklahoma City HS Magicians batting - Pitching for Brookline HS Warriors : RHP Scott Robbins
|
Now at 1B: Patrick Chávez
|
|
Batting: LHB Randy Pérez
|
0-0: Called Strike 0-1: Foul Ball, location: 2F 0-2: Ball 1-2: Foul Ball, location: 2F 1-2: Fly out, F9 (Flyball, 9M)
|
Batting: RHB Artie Rivers
|
0-0: Ball 1-0: Ball 2-0: Ball 3-0: Base on Balls
|
Batting: RHB Pat Simms
|
0-0: Foul Ball, location: 2F 0-1: Foul Ball, location: 2F 0-2: Ball 1-2: Grounds into double play, U6-3 (Groundball, 6)
|
Bottom of the 8th over - 0 run(s), 0 hit(s), 0 error(s), 0 left on base; Brookline HS 7 - Oklahoma City HS 4 |
TOP OF THE 9TH |
Brookline HS Warriors batting - Pitching for Oklahoma City HS Magicians : RHP Nathaniel Combs
|
Batting: SHB Luis Rodríguez
|
0-0: Ball 1-0: Swinging Strike 1-1: Ball 2-1: Foul Ball, location: 2F 2-2: Fly out, F8 (Flyball, 8RS)
|
Batting: RHB Francisco Durango
|
0-0: Ball 1-0: Ball 2-0: Ball 3-0: Called Strike 3-1: Base on Balls
|
Batting: RHB Ben Bond
|
0-0: Ball 1-0: Ball 2-0: Ball 3-0: Called Strike 3-1: Called Strike 3-2: Fielders Choice at 2nd, 5-4 (Groundball, 56)
|
Batting: SHB Will Allen
|
0-0: Swinging Strike 0-1: Ball Ben Bond is caught stealing 2nd base
|
Top of the 9th over - 0 run(s), 0 hit(s), 0 error(s), 0 left on base; Brookline HS 7 - Oklahoma City HS 4 |
BOTTOM OF THE 9TH |
Oklahoma City HS Magicians batting - Pitching for Brookline HS Warriors : RHP Scott Robbins
|
Pitching: RHP Wally O'Dowling
|
|
Batting: RHB Curt O'Brian
|
0-0: Foul Ball, location: 2F 0-1: Foul Ball, location: 2F 0-2: Ball 1-2: SOLO HOME RUN (Flyball, 8RXD), Distance : 432 ft
|
Batting: SHB Fernando Borges
|
0-0: Called Strike 0-1: Swinging Strike 0-2: Strikes out looking
|
Batting: RHB Joe Salas
|
0-0: Ground out 2-3 (Groundball, 25)
|
Batting: LHB Claudio Jaramillo
|
0-0: Called Strike 0-1: Called Strike 0-2: Ball 1-2: Strikes out swinging
|
Bottom of the 9th over - 1 run(s), 1 hit(s), 0 error(s), 0 left on base; Brookline HS 7 - Oklahoma City HS 5 |
|